 Dungeon Crawl Stone Soup version 0.22.1-2-g9c5b331 (webtiles) character file.

44 Matador8 the Grave Robber (level 3, -1/24 HPs)
             Began as a Vampire Necromancer on Dec 20, 2018.
             Slain by an orc
             ... wielding a +0 whip
              (9 damage)
             ... on level 2 of the Dungeon.
             The game lasted 00:09:51 (1567 turns).

Matador8 the Grave Robber (Vampire Necromancer)     Turns: 1567, Time: 00:09:53

Health: -1/24      AC:  0    Str:  8    XL:     3   Next: 41%
Magic:  0/6        EV: 20    Int: 17    God:
Gold:   64         SH:  0    Dex: 19    Spells: 1/6 levels left

rFire    . . .     SeeInvis +   (weapon currently unavailable)
rCold    . . .     Gourm    .   (shield currently unavailable)
rNeg     + . .     Faith    .   (armour currently unavailable)
rPois    .         Spirit   .   (helmet currently unavailable)
rElec    .         Reflect  .   (cloak currently unavailable)
rCorr    .         Harm     .   (gloves currently unavailable)
MR       .....                  (boots currently unavailable)
Stlth    +++++.....             (no amulet)
HPRegen  0.08/turn              (ring currently unavailable)
MPRegen  0.10/turn              (ring currently unavailable)

@: bat-form, flying, very quick
A: tiny, fangs 3, see invisible
a: End Transformation


You were on level 2 of the Dungeon.
You were not thirsty.
You were in vampire-bat-form.
You visited 1 branch of the dungeon, and saw 2 of its levels.

You collected 64 gold pieces.

Inventory:

Hand Weapons
 b - a +0 spear (melded)
Armour
 a - a +0 robe (melded)
 h - a +0 cloak (melded)
 i - a +0 chain mail
Scrolls
 e - 3 scrolls of identify {unknown}
 f - 4 scrolls of fog {unknown}
Potions
 c - 7 potions of blood
 d - 2 potions of might {unknown}
 g - a potion of brilliance {unknown}


   Skills:
 - Level 2.1 Dodging
 + Level 4.2 Stealth
 - Level 2.0 Spellcasting
 * Level 5.3 Necromancy


You had one spell level left.
You knew the following spells:

 Your Spells              Type           Power        Failure   Level  Hunger
a - Pain                  Necr           ###.         2%          1    #......
b - Animate Skeleton      Necr           N/A          2%          1    #......
c - Vampiric Draining     Necr           ###.......   6%          3    ###....

Your spell library contained the following spells:

 Spells                   Type           Power        Failure   Level  Hunger
 Regeneration             Chrm/Necr      ##........   19%         3    ###....
 Animate Dead             Necr           N/A          22%         4    #####..


Dungeon Overview and Level Annotations

Branches:
Dungeon (2/15)

Altars:


Innate Abilities, Weirdness & Mutations

You have razor-sharp teeth.
You have supernaturally acute eyesight. (SInv)
((You can survive without breathing.))


Message History

Casting: Pain (safe; 2% risk of failure)
Confirm with . or Enter, or press ? or * to list all spells.
Aiming: Pain (safe; 2% risk of failure)
Press: ? - help, Shift-Dir - straight line, f - orc priest
Aim: an orc priest, wielding a trident and wearing a leather armour (severely The orc priest barely resists.
The orc priest closely misses you.
Casting: Pain (safe; 2% risk of failure)
Confirm with . or Enter, or press ? or * to list all spells.
You don't have enough magic to cast that spell.
Unknown command.
The orc priest mumbles some strange prayers to Beogh against you.
Beogh smites you!
Ouch! That really hurt!
* * * LOW HITPOINT WARNING * * *
You don't have enough magic at the moment.
Okay, then.
You turn into a vampire bat.
Your +0 spear melds into your body.
Your +0 cloak melds into your body.
Your +0 robe melds into your body.
The orc hits you with a whip!
You die...

#...# ............# #...#
#............# #..(#
#.###.#.%...## ###..># #.#
#.......#####.# .....# #.#
#......#......# ####...###.#
#.# ##......#######
...........# #.# ##...#.#
####.#.#######.######.##.#
###.#.......o.ob......#.#
#.)o#.#######...........#####
#o..##.# ###.#####........
.>..##.. .(.# #########
#...#### ##### #####


You could see an orc priest and an orc.

Vanquished Creatures
  2 dart slugs (D:1)
  A leopard gecko (D:1)
  An orc (D:2)
  A giant cockroach (D:1)
  7 goblins
  5 hobgoblins (D:1)
  2 jackals (D:1)
  A kobold (D:1)
  2 bats (D:1)
  3 frilled lizards (D:1)
  7 rats
32 creatures vanquished.

Vanquished Creatures (collateral kills)
  A dart slug (D:1)
  A hobgoblin (D:1)
2 creatures vanquished.

Grand Total: 34 creatures vanquished

Notes
Turn   | Place    | Note
-------+----------+-------------------------------------------
     0 | D:1      | Matador8 the Vampire Necromancer began the quest for the
                  | Orb.
     0 | D:1      | Reached XP level 1. HP: 13/13 MP: 3/3
   263 | D:1      | Reached XP level 2. HP: 11/19 MP: 5/5
   560 | D:1      | Learned a level 1 spell: Animate Skeleton
   609 | D:1      | Reached skill level 5 in Necromancy
  1020 | D:1      | Reached XP level 3. HP: 13/24 MP: 4/6
  1074 | D:1      | Learned a level 3 spell: Vampiric Draining
  1567 | D:2      | Slain by an orc

Skill      XL: |  1  2 |
---------------+-------+-----
Necromancy     | 5 |  5.3
Stealth        | 4 |  4.2
Dodging        | |  2.1
Spellcasting   | |  2.0

Action                   || total
-------------------------++-------
Melee: Spear             ||   113
       Bite              ||     7
 Cast: Pain              ||    14
       Animate Skeleton  ||     4
       Vampiric Draining ||     1
 Abil: Bat Form          ||     1
  Use: Potion            ||     2
 Stab: Sleeping          ||     6
Armor: Robe              ||    19
Dodge: Dodged            ||    77
